 Dungeon Crawl Stone Soup version 0.26.1-11-gd32895ea62 (webtiles) character file.

Game seed: 2537534347906788219

628 ubername the Cleaver (level 7, -21/62 HPs)
             Began as a Hill Orc Monk on Apr 30, 2021.
             Was an Initiate of Gozag.
             Demolished by an orc warrior
             ... wielding a +0 dire flail
              (26 damage)
             ... on level 6 of the Dungeon.
             The game lasted 00:11:19 (5554 turns).

ubername the Cleaver (Hill Orc Monk)                Turns: 5554, Time: 00:11:20

Health: -21/62     AC: 15    Str: 16    XL:     7   Next: 48%
Magic:  25/25      EV:  8    Int: 10    God:    Gozag
Gold:   355        SH:  0    Dex: 16    Spells: 6/6 levels left

rFire    + . .     SeeInvis .   a - +0 hand axe (venom)
rCold    . . .     Faith    .   (no shield)
rNeg     . . .     Spirit   .   r - +2 chain mail {rF+}
rPois    .         Reflect  .   h - +0 helmet
rElec    .         Harm     .   (no cloak)
rCorr    .         Rampage  .   s - +1 pair of gloves of Sloth {*Drain MP+9 Dex+3}
Will     .....                  c - +0 pair of boots
Stlth    ..........             (no amulet)
HPRegen  0.20/turn              d - ring of magical power
MPRegen  0.19/turn              (no ring)

@: no status effects
A: no striking features
a: Renounce Religion, Potion Petition, Call Merchant, Bribe Branch


You were on level 6 of the Dungeon.
You worshipped Gozag.
Gozag was aware of your devotion.
You visited 1 branch of the dungeon, and saw 6 of its levels.

You collected 355 gold pieces.

Inventory:

Hand Weapons
 a - a +0 hand axe of venom (weapon)
 b - the +6 hunting sling "Qouquy" {flame, Stlth+}
   (You found it on level 4 of the Dungeon)

   It causes projectiles fired from it to burn those they strike, causing extra
   injury to most foes and up to half again as much damage against particularly
   susceptible opponents.
   It makes you more stealthy.
 l - a +0 hunting sling
 q - a +3 scythe of freezing
 A - a +0 war axe
Missiles
 f - 113 stones
 n - 14 sling bullets
 o - 2 datura-tipped darts (quivered)
 y - 19 poisoned darts
Armour
 c - a +0 pair of boots (worn)
 h - a +0 helmet (worn)
 j - a +0 scale mail
 k - a +0 ring mail
 r - a +2 chain mail of fire resistance (worn)
 s - the +1 pair of gloves of Sloth (worn) {*Drain MP+9 Dex+3}
   (You found it on level 4 of the Dungeon)

   It affects your dexterity (+3).
   It affects your magic capacity (+9).
   It causes draining when unequipped.
 w - a +0 chain mail
Jewellery
 d - a ring of magical power (left hand)
 C - an uncursed amulet of reflection {unknown}
Scrolls
 i - 3 scrolls of remove curse {unknown}
 m - 4 scrolls of identify
 t - a scroll of teleportation {unknown}
 u - a scroll of enchant weapon {unknown}
 v - a scroll of amnesia {unknown}
 x - a scroll of magic mapping {unknown}
 B - 2 scrolls of vulnerability {unknown}
 D - a scroll of noise {unknown}
Potions
 e - a potion of flight
 g - a potion of might
 p - 4 potions of brilliance {unknown}
 z - a potion of resistance {unknown}


   Skills:
 * Level 5.8 Fighting
 * Level 8.4 Axes
 * Level 0.7(1.0) Slings
 * Level 0.9(1.1) Throwing
 - Level 3.3 Armour
 - Level 2.5 Dodging
 - Level 1.5 Stealth


You had 6 spell levels left.
You didn't know any spells.
Your spell library contained the following spells:

 Spells                   Type           Power        Failure   Level
 Foxfire                  Conj/Fire      0%           100%        1
 Conjure Flame            Conj/Fire      0%           100%        3
 Inner Flame              Hex/Fire       0%           100%        3
 Sticky Flame             Conj/Fire      0%           100%        4
 Fireball                 Conj/Fire      0%           100%        5


Dungeon Overview and Level Annotations

Branches:
Dungeon (6/15)
 Temple: D:4-7

Altars:
Gozag
Trog
Beogh

Shops:
D:4 *   D:5 [


Message History

You barely miss the orc warrior. The orc warrior completely misses you.
You hit the orc warrior but do no damage.
The orc warrior hits you with a +0 dire flail!
The orc warrior hits you but does no damage.
You barely miss the orc warrior.
The orc warrior is lightly wounded.
The orc warrior hits you with a +0 dire flail!
Your chain mail prevents you from hitting the orc warrior.
The orc warrior is lightly wounded.
The orc warrior hits you with a +0 dire flail.
You hit the orc warrior.
The orc warrior looks as sick as possible!
The orc warrior is lightly wounded.
The orc warrior hits you with a +0 dire flail!!
* * * LOW HITPOINT WARNING * * *
You barely miss the orc warrior.
The orc warrior is moderately wounded.
The orc warrior hits you with a +0 dire flail!!
You die...
Your body crumbles into a pile of gold.

#..................#
#...............##..
#............######
#.........### ).#
#.......## ...#
#.......#
#...####......##
##.......#...##
(......@..#.##
#..$..o#..###
..$(.......#
.#....#....##
($..........#
..#$.#...#..#
....$...###..#
...##.$.# #..# ..
.....# ##..#


You could see a neutral orc warrior (fast, strong, insane, extremely poisoned).

Vanquished Creatures
  Sigmund (D:3)
  A phantom (D:5)
  2 scorpions
  2 hounds
  An orc priest (D:5)
  A worker ant (D:4)
  A hound zombie (D:5)
  2 hound skeletons
  A howler monkey skeleton (D:4)
  3 adders
  A worm (D:2)
  3 dart slugs
  3 leopard geckos
  4 orcs
  6 giant cockroaches
  7 goblins
  9 hobgoblins
  4 jackals (D:2)
  4 kobolds
  3 quokkas (D:2)
  6 bats
  2 frilled lizards (D:1)
  A leopard gecko skeleton (D:6)
  10 rats
78 creatures vanquished.

Vanquished Creatures (collateral kills)
  2 orc priests
  A hound (D:6)
  6 orcs
9 creatures vanquished.

Vanquished Creatures (others)
  An ooze (D:3)
1 creature vanquished.

Grand Total: 88 creatures vanquished

Notes
Turn   | Place    | Note
-------+----------+-------------------------------------------
     0 | D:1      | ubername the Hill Orc Monk began the quest for the Orb.
     0 | D:1      | Reached XP level 1. HP: 19/19 MP: 1/1
   315 | D:1      | Reached XP level 2. HP: 25/27 MP: 2/2
   949 | D:2      | Reached XP level 3. HP: 30/34 MP: 3/3
  1578 | D:2      | Reached skill level 5 in Axes
  1858 | D:2      | Reached XP level 4. HP: 29/41 MP: 4/4
  2584 | D:3      | Noticed Sigmund
  3581 | D:3      | Killed Sigmund
  3582 | D:3      | Reached skill level 5 in Fighting
  3582 | D:3      | Reached skill level 6 in Axes
  3582 | D:3      | Reached XP level 5. HP: 46/48 MP: 5/5
  3659 | D:3      | Found a roughly hewn altar of Beogh.
  3797 | D:4      | Reached XP level 6. HP: 56/56 MP: 6/6
  3831 | D:4      | Found an opulent altar of Gozag.
  3913 | D:4      | Got a pair of jewelled gloves
  3919 | D:4      | Identified the +1 pair of gloves of Sloth {*Drain MP+9
                  | Dex+3} (You found it on level 4 of the Dungeon)
  4010 | D:4      | Reached skill level 7 in Axes
  4122 | D:4      | Got a masterwork hunting sling
  4123 | D:4      | Identified the +6 hunting sling "Qouquy" {flame, Stlth+}
                  | (You found it on level 4 of the Dungeon)
  4290 | D:4      | Found Gozag's Platinum Reserve.
  4310 | D:4      | Became a worshipper of Gozag Ym Sagoz the Greedy
  4465 | D:5      | Entered Level 5 of the Dungeon
  4465 | D:5      | Found Sokke's Armour Shop.
  4502 | D:5      | Noticed a phantom
  4605 | D:5      | Killed a phantom
  4676 | D:5      | Reached XP level 7. HP: 60/61 MP: 7/7
  4880 | D:5      | Reached skill level 8 in Axes
  5487 | D:6      | Found a bloodstained altar of Trog.
  5554 | D:6      | Demolished by an orc warrior

Illustrated notes

Levels and vault maps discovered:
D:1:      lightli_arrival_boilingwater, layout_loops_ring, minmay_crystal_water
D:2:      minmay_alternating_diamond, layout_basic
D:3:      layout_basic, kennysheep_orc_chapel, uniq_sigmund
D:4:      layout_loops_ring, nicolae_gozag_zags_fifth_avenue
D:5:      layout_loops_ring, serial_shops, shop
D:6:      layout_cave_pods, basic_altar, minmay_misc_feat_more_columns,
          chequers_garden, uniq_pikel

Skill      XL: |  1  2  3  4  5  6  7 |
---------------+----------------------+-----
Fighting       | 4 5 |  5.8
Axes           | 5 6 7 8 |  8.4
Armour         | 2 3 |  3.3
Slings         | |  0.7
Throwing       | |  0.9
Dodging        | |  2.5
Stealth        | |  1.5

Action                   |  1- 3 |  4- 6 |  7- 9 || total
-------------------------+-------+-------+-------++-------
Melee: Hand axe          |   151 |   147 |    39 ||   337
 Fire: Hunting sling     |       |     3 |       ||     3
Throw: Stone             |       |     4 |       ||     4
       Dart              |       |     2 |     9 ||    11
  Use: Scroll            |     2 |     2 |       ||     4
       Potion            |       |     5 |       ||     5
 Stab: Sleeping          |     4 |       |       ||     4
       Distracted        |       |       |     1 ||     1
Armor: Robe              |     4 |       |       ||     4
       Ring mail         |    33 |    24 |       ||    57
       Chain mail        |       |    45 |    14 ||    59
Dodge: Dodged            |    83 |    68 |    12 ||   163
